 Dungeon Crawl Stone Soup version 0.30-a0-528-g8c47a4955b (webtiles) character file.

Game seed: 7106639296795918211

676 mandarbmax the Cutter (level 7, 0/60 HPs)
             Began as an Armataur Fighter on Dec 24, 2022.
             Was a Priest of Ignis.
             Splashed by a jelly's acid (9 damage)
             ... on level 5 of the Dungeon.
             The game lasted 00:06:56 (3755 turns).

mandarbmax the Cutter (Armataur Fighter)            Turns: 3755, Time: 00:06:57

Health: 0/60       AC: -7    Str: 21    XL:     7   Next: 33%
Magic:  7/7        EV: 11    Int:  8    God:    Ignis [***...]
Gold:   8          SH:  5    Dex: 12    Spells: 6/6 levels left

rFire   + . .      SeeInvis .    a - +0 rapier
rCold   . . .      Faith    .    c - +0 buckler
rNeg    . . .      Spirit   .    b - +0 scale mail
rPois   .          Reflect  .    (no helmet)
rElec   .          Harm     .    s - +0 cloak
rCorr   .          Roll     +    (no gloves)
Will    +....                    (no barding) Stlth
                                 (no amulet)
HPRegen 0.30/turn                w - ring of willpower
MPRegen 0.10/turn                k - +4 ring of evasion

@: corroded
A: large, rugged brown scales 3, deformed body, armoured tail, roll, long
tongue, awkward tongue
a: Renounce Religion, Fiery Armour, Foxfire Swarm, Rising Flame


You were on level 5 of the Dungeon.
You worshipped Ignis.
Ignis was most pleased with you.
You visited 1 branch of the dungeon, and saw 5 of its levels.

You collected 122 gold pieces.
You spent 114 gold pieces at shops.

Inventory:

Hand Weapons
 a - a +0 rapier (weapon)
Missiles
 n - 6 poisoned darts (quivered)
 y - 7 boomerangs
 C - a throwing net
Armour
 b - a +0 scale mail (worn)
 c - a +0 buckler (worn)
 s - a +0 cloak (worn)
Jewellery
 e - a ring of fire
 k - a +4 ring of evasion (right hand)
 m - a ring of willpower
 w - a ring of willpower (left hand)
Wands
 t - a wand of polymorph (2)
Scrolls
 i - a scroll of enchant weapon
 j - a scroll of blinking
 l - a scroll of enchant armour
 r - a scroll of torment
 v - a scroll of teleportation {unknown}
 x - 2 scrolls of fear
 A - a scroll of poison {unknown}
 B - 2 scrolls of vulnerability {unknown}
Potions
 d - 2 potions of might
 f - 2 potions of magic
 g - 2 potions of brilliance {unknown}
 h - 3 potions of curing
 o - 4 potions of attraction {unknown}
 p - 4 potions of mutation {unknown}
 q - a potion of berserk rage {unknown}
 u - a potion of lignification {unknown}
 z - a potion of haste {unknown}


   Skills:
 - Level 3.0 Fighting
 * Level 7.1 Short Blades
 - Level 4.0 Armour
 - Level 4.0 Shields


You had 6 spell levels left.
You didn't know any spells.
Your spell library contained the following spells:

 Spells                   Type           Power      Damage    Failure   Level
 Inner Flame              Hex/Fire       0%         N/A       99%         3
 Flame Wave               Conj/Fire      0%         2d4       100%        4
 Sticky Flame             Conj/Fire      0%         2d3       100%        4


Dungeon Overview and Level Annotations

Branches:
Dungeon (5/15)             Temple (0/1) D:4

Altars:
Ignis

Shops:
D:4 *=**

Annotations:
D:4 1 runed translucent door
D:5 2 transporters


Innate Abilities, Weirdness & Mutations

You are completely covered in rugged brown scales. (AC +3, +7% HP)
Armour fits poorly on your strangely shaped body.
You have a long armoured tail.
You roll when moving toward enemies. (Rampage)
Your long tongue fully drains potion bottles. (2x potion effects)
Your tongue gives you trouble enunciating. (1.5x scroll delay)


Message History

A jelly is nearby!
You hit the jelly.
Your hands burn!
The jelly is moderately wounded.
You block the jelly's attack.
You hit the jelly. The acid corrodes you!
Your hands burn!
The jelly is heavily wounded.
You block the jelly's attack.
You hit the jelly. The acid corrodes you!
Your hands burn!
The jelly is heavily wounded.
You block the jelly's attack.
You hit the jelly but do no damage.
Your hands burn!
The jelly is heavily wounded.
You block the jelly's attack.
You hit the jelly but do no damage. The acid corrodes you!
Your hands burn!
Your tail-slap misses the jelly.
The jelly is heavily wounded.
You hit the jelly but do no damage.
Your hands burn!
The jelly is heavily wounded.
You block the jelly's attack.
You hit the jelly but do no damage.
Your hands burn!
The jelly is heavily wounded.
The jelly hits you.
You are splashed with acid!
You hit the jelly but do no damage.
Your hands burn!
The jelly is heavily wounded.
The jelly hits you. The acid corrodes you!
You are splashed with acid!
You are too injured to fight recklessly!
You are too injured to fight recklessly!
You are too injured to fight recklessly!
A jelly is nearby!
You hit the jelly.
Your hands burn!
Your tail-slap misses the jelly.
The jelly is severely wounded.
The jelly hits you.
You are splashed with acid!
* * * LOW HITPOINT WARNING * * *
The jelly attacks as you move away! The jelly barely misses you.
Activating: Foxfire Swarm
Press: ? - help, Dir - look around, f - activate Flames leap up around you!
The jelly hits you.
* * * LOW HITPOINT WARNING * * *
You are splashed with acid!
You die...

#...#...... ..
.#......... ...
..........# ....
..........##....
#............... .
...............# #
#.....vvvv.....#8 .
#.vvJ###...#P. ≈≈
###v@#.....#$.# ~~.
##vvvv...©#©?+ ♣~.
####vvvvv....#$.#..~~~.
#.....†......#P.#≈≈≈≈≈≈
#............#8~#5.....
##...........##########
####).................
#......##.#..#...#.
#...#...........# #.


You could see a jelly (ally target).

Vanquished Creatures
  A black bear (D:5)
  The ghost of soul19 the Firebug, an amateur DsFE (D:4)
  2 necrophages
  A hound (D:5)
  An orc priest (D:4)
  Crazy Yiuf (D:2)
  Jessica (D:2)
  An iguana (D:4)
  Natasha (D:2)
  An orc wizard (D:4)
  7 gnolls (D:2)
  5 adders
  2 river rats (D:4)
  2 dart slugs
  3 orcs
  3 ball pythons
  2 endoplasms
  6 hobgoblins
  8 jackals
  8 quokkas
  4 bats
  4 frilled lizards
  2 goblins
  8 kobolds
  7 rats
82 creatures vanquished.

Vanquished Creatures (others)
  23 foxfires (D:2)
23 creatures vanquished.

Grand Total: 105 creatures vanquished

Notes
Turn   | Place    | Note
-------+----------+-------------------------------------------
     0 | D:1      | mandarbmax the Armataur Fighter began the quest for the
                  | Orb.
     0 | D:1      | Reached XP level 1. HP: 19/19 MP: 1/1
   246 | D:1      | Reached skill level 2 in Short Blades
   247 | D:1      | Reached XP level 2. HP: 26/26 MP: 2/2
   830 | D:2      | Reached XP level 3. HP: 28/33 MP: 3/3
   885 | D:2      | Noticed Jessica
   890 | D:2      | Killed Jessica
   907 | D:2      | Reached skill level 3 in Short Blades
   907 | D:2      | Reached XP level 4. HP: 40/40 MP: 4/4
   944 | D:2      | Found a faded altar of an unknown god.
   997 | D:2      | Prayed at the altar of an unknown god.
   997 | D:2      | Became a worshipper of Ignis, the Dying Flame
  1350 | D:2      | Found a runed translucent door.
  1351 | D:2      | Noticed Crazy Yiuf
  1718 | D:2      | Killed Crazy Yiuf
  1719 | D:2      | Reached skill level 4 in Short Blades
  1719 | D:2      | Reached XP level 5. HP: 48/48 MP: 5/5
  2041 | D:3      | Noticed Natasha
  2200 | D:2      | Killed Natasha
  2494 | D:4      | Found Eski's Jewellery Emporium.
  2526 | D:4      | Found Zoniluoc's General Store.
  2526 | D:4      | Found Inloov Yhi's General Store.
  2527 | D:4      | Found Cudwyosy's Assorted Antiques.
  2553 | D:4      | Bought a scroll of fear for 52 gold pieces
  2557 | D:4      | Bought a scroll labelled OKHIYSM YCLEUC for 31 gold pieces
  2557 | D:4      | Bought a scroll labelled OKHIYSM YCLEUC for 31 gold pieces
  2644 | D:4      | Found a staircase to the Ecumenical Temple.
  2718 | D:4      | Found a runed translucent door.
  2719 | D:4      | Noticed soul19's ghost (amateur DsFE)
  2784 | D:4      | Reached skill level 5 in Short Blades
  2784 | D:4      | Reached XP level 6. HP: 52/54 MP: 6/6
  3260 | D:4      | Found a runed translucent door.
  3395 | D:4      | Killed soul19's ghost
  3396 | D:4      | Reached skill level 6 in Short Blades
  3481 | D:5      | Entered Level 5 of the Dungeon
  3490 | D:5      | Reached XP level 7. HP: 60/60 MP: 7/7
  3521 | D:5      | Found a transporter.
  3662 | D:5      | Reached skill level 7 in Short Blades
  3707 | D:5      | Found a transporter.
  3755 | D:5      | Splashed by a jelly's acid

Illustrated notes

Levels and vault maps discovered:
D:1:      giann_bridges, layout_basic, minmay_pentomino_t2
D:2:      layout_loops_ring, hellmonk_ecumenical_altar_lost_god,
          uniq_crazy_yiuf_cottage, uniq_jessica
D:3:      layout_rooms, minivault_27, uniq_natasha
D:4:      layout_loops_ring, minmay_temple_entry_gardened_gates,
          ebering_ghost_sewer_f, minmay_shop_grid_forest
D:5:      gammafunk_wand_slinger, layout_cave_pools, fiery_altar_vehumet,
          uniq_duvessa

Skill      XL: |  1  2  3  4  5  6  7 |
---------------+----------------------+-----
Short Blades   | 2 3 4 5 6 7 |  7.1
Armour         | 4 |  4.0
Fighting       | 3 |  3.0
Shields        | 4 |  4.0

Action                   |  1- 3 |  4- 6 |  7- 9 || total
-------------------------+-------+-------+-------++-------
Melee: Rapier            |    76 |   175 |    53 ||   304
       Tailslap          |    13 |    26 |     5 ||    44
       Unarmed           |       |     1 |       ||     1
Throw: Dart              |       |     8 |       ||     8
Invok: Fiery Armour      |       |     2 |       ||     2
       Foxfire Swarm     |       |     1 |     1 ||     2
  Use: Scroll            |       |     7 |       ||     7
Armor: Scale mail        |    28 |    61 |    22 ||   111
Dodge: Dodged            |    33 |   109 |    18 ||   160
Block: Buckler           |    16 |    37 |    16 ||    69

Table legend: (Time is in decaauts)
 A = Elapsed time spent in this place.
 B = Non-inter-level travel time spent in this place.
 C = Inter-level travel time spent in this place.
 D = Time resting spent in this place.
 E = Time spent auto-exploring this place.
 F = Levels seen in this place.
 G = Mean time per level.
                   A        B        C        D        E       F      G
               +--------+--------+--------+--------+--------+-----+--------+
         Total |   3735 |   3593 |    142 |    127 |   2844 |   5 |  747.0 |
       Dungeon |   3735 |   3593 |    142 |    127 |   2844 |   5 |  747.0 |
               +--------+--------+--------+--------+--------+-----+--------+

Top non-repeatable levels by time:
     D:2: 1302 daAuts
     D:4: 1016 daAuts
     D:1: 759 daAuts
     D:3: 388 daAuts
     D:5: 268 daAuts
